[Event "Gibraltar Challengers A 2019"]
[Site "Caleta"]
[Date "2019.01.22"]
[Round "2"]
[White "Elishev, Ivan"]
[Black "Jordan Martinez, David"]
[Result "1/2-1/2"]
[ECO "B36"]
[WhiteElo "2224"]
[BlackElo "2125"]
[Annotator "NA"]
[PlyCount "131"]
[EventDate "2019.01.18"]
[EventType "swiss"]
[EventCountry "GGB"]
[SourceTitle "playchess.com"]
[Source "ChessBase"]
[SourceQuality "1"]
[TimeControl "6600+10"]

1. e4 c5 2. Nf3 g6 3. d4 cxd4 4. Nxd4 Nc6 5. c4 Nf6 6. Nc3 Nxd4 7. Qxd4 d6 8. Be3 Bg7 9. Be2 O-O {[%emt 0:00:27] LiveBook: 1488 Games} 10. Qd2 a5 {[%emt 0:00:09] B36: Sicilian: Maroczy Bind: Gurgenidze System} 11. f3 a4 12. O-O Qa5 13. Rab1 Be6 14. Nd5 Qxd2 15. Nxe7+ Kh8 16. Bxd2 Rfe8 17. Nd5 Nxd5 18. cxd5 {[%emt 0:02:37] [#]} {Predecessor:} Bxd5 $146 19. Bb5 Re5 ({Better is} 19... Bxa2 $17 20. Bxe8 Bd4+ 21. Kh1 Bxb1 22. Bxf7 Bd3) 20. exd5 Rxd5 21. Bc4 Rxd2 22. Rfd1 $1 Bd4+ 23. Kh1 Rxd1+ 24. Rxd1 Bxb2 25. Bxf7 Rc8 26. g3 $11 Kg7 27. Be6 Rd8 28. Bd5 b6 29. Re1 Rd7 30. Re4 a3 31. Rb4 Kf6 32. f4 h6 33. Rxb6 g5 34. Kg2 gxf4 35. gxf4 Bd4 36. Rb8 Re7 37. Kf3 h5 38. Be4 d5 39. Bxd5 Re3+ 40. Kg2 Re2+ 41. Kg3 Rd2 42. Bc4 Bf2+ 43. Kf3 Bg1 44. h3 Rf2+ 45. Kg3 Rc2 46. Bb3 Bh2+ 47. Kf3 Rc3+ 48. Ke4 Rxh3 49. Rb6+ Ke7 50. Rh6 Rh4 51. Rh7+ Kd6 52. Rf7 Rg4 53. Rf6+ Ke7 54. Rf7+ Kd6 55. Kf3 Rg3+ 56. Kf2 Rg4 57. f5 Be5 58. Rh7 Rf4+ 59. Ke3 Rxf5 60. Rh6+ Bf6 61. Ke4 Re5+ 62. Kf4 Ke7 63. Rh7+ Kd6 64. Rh6 Ke7 65. Rh7+ Kd6 66. Rh6 {[%emt 0:00:21] Kd5 [%emt 00:00:10]} 1/2-1/2

[Event "Gibraltar Challengers A 2019"]
[Site "Caleta"]
[Date "2019.01.22"]
[Round "2"]
[White "Carrascoso Morales, Abel"]
[Black "Herzwurm, Robert"]
[Result "1/2-1/2"]
[ECO "C00"]
[WhiteElo "2219"]
[BlackElo "2021"]
[Annotator "NA"]
[PlyCount "87"]
[EventDate "2019.01.18"]
[EventType "swiss"]
[EventCountry "GGB"]
[SourceTitle "playchess.com"]
[Source "ChessBase"]
[SourceQuality "1"]
[TimeControl "6600+10"]

1. e4 e6 2. Nf3 d5 3. e5 c5 4. b4 cxb4 5. a3 Bd7 6. axb4 Bxb4 7. c3 Be7 8. d4 Nc6 {[%emt 0:06:25] LiveBook: 40 Games} 9. Bd3 b5 {[%emt 0:24:36] C00: French: Unusual White 2nd moves} (9... Rc8 10. O-O a6 11. Nbd2 Na5 12. Qc2 Qc7 13. Bxh7 Qxc3 14. Qb1 Qb4 15. Bb2 Nh6 16. Bc2 O-O 17. Rc1 Rc6 {0-1 (25) Zvjaginsev,V (2688)-Rodshtein,M (2634) Moscow 2012}) 10. h4 h6 $146 ({Predecessor:} 10... a5 11. Ng5 f5 12. Bxb5 Rc8 13. Qa4 Qc7 14. O-O h6 15. Nf3 g5 16. hxg5 hxg5 17. Bxg5 {1-0 (32) Schuls,O (2224)-Dubrovin,R (2220) Puhajarve 2018}) 11. Rh3 Qc7 12. Na3 Nxd4 13. Nxd4 Qxc3+ 14. Bd2 Qxd4 15. Bxb5 Qxe5+ 16. Kf1 Nf6 17. Bxd7+ Nxd7 18. Bc3 Qe4 19. f3 Qg6 20. h5 Qh7 21. Rg3 Bf6 22. Bxf6 gxf6 23. Nb5 Rb8 24. Nd4 Nc5 25. Nc6 $2 (25. Kg1 $17 {was the only chance.}) 25... Rb7 26. Na5 Rb5 27. Kg1 Kd7 28. Nc4 a5 29. Na3 Rb3 30. Qd4 Rc8 $19 31. Qxf6 Ne4 32. fxe4 Rxg3 33. exd5 Qd3 34. Qxf7+ Kd8 35. Qf8+ Kd7 36. dxe6+ Kc7 37. Rc1+ Kb6 38. Qxc8 Qe3+ 39. Kh2 Rh3+ 40. gxh3 Qf2+ 41. Kh1 Qf3+ 42. Kg1 Qg3+ 43. Kf1 Qf3+ 44. Ke1 1/2-1/2

[Event "Gibraltar Challengers A 2019"]
[Site "Caleta"]
[Date "2019.01.22"]
[Round "2"]
[White "Pinho, Paulo"]
[Black "Osuna Vega, Enrique"]
[Result "1-0"]
[ECO "A94"]
[WhiteElo "2205"]
[BlackElo "2116"]
[Annotator "NA"]
[PlyCount "77"]
[EventDate "2019.01.18"]
[EventType "swiss"]
[EventCountry "GGB"]
[SourceTitle "playchess.com"]
[Source "ChessBase"]
[SourceQuality "1"]
[TimeControl "6600+10"]

1. d4 e6 2. Nf3 f5 3. g3 Nf6 4. Bg2 d5 5. b3 Bb4+ 6. c3 Bd6 7. Ba3 Bxa3 8. Nxa3 Ne4 9. Qc1 Qe7 10. O-O O-O 11. c4 c6 12. Nc2 Nd7 13. Nce1 {[%emt 0:00:40] A94: Classical Dutch: Classical Stonewall: 7 b3 c6 8 Ba3} b6 14. cxd5 cxd5 15. Nd3 Ba6 16. Qb2 Bxd3 $146 ({Predecessor:} 16... Rac8 17. Rac1 Qd6 18. Nfe5 Bxd3 19. exd3 Nef6 20. Rfe1 a5 21. Qe2 {½-½ (20) Fernandez,R (2275)-Soppe,G (2455) Santa Barbara d'Oeste 1998}) 17. exd3 Nef6 18. Rfe1 Qd6 19. Re2 h6 20. Rc1 Rac8 21. Ne5 Rxc1+ 22. Qxc1 Re8 23. h3 b5 24. Qc3 Kh7 25. Rc2 Nb6 26. Qa5 Nbd7 27. Rc6 Qb8 {[%emt 0:00:34] [#]} 28. Rc7 $1 Rc8 29. Rxd7 Nxd7 30. Nxd7 $18 Rc1+ 31. Kh2 Qb7 32. Nf8+ Kg8 33. Nxe6 Qd7 34. Nf4 Rc2 35. Qe1 Kh7 36. Bxd5 g5 37. Be6 Qxd4 38. Bxf5+ Kg8 39. Qe8+ 1-0

[Event "Gibraltar Challengers A 2019"]
[Site "Caleta"]
[Date "2019.01.22"]
[Round "2"]
[White "Lucas Vega, Ivan"]
[Black "Hamer, Martyn"]
[Result "1-0"]
[ECO "C75"]
[WhiteElo "2203"]
[BlackElo "2046"]
[Annotator "NA"]
[PlyCount "139"]
[EventDate "2019.01.18"]
[EventType "swiss"]
[EventCountry "GGB"]
[SourceTitle "playchess.com"]
[Source "ChessBase"]
[SourceQuality "1"]
[TimeControl "6600+10"]

1. e4 e5 2. Nf3 Nc6 3. Bb5 a6 4. Ba4 d6 {[%emt 0:00:06] LiveBook: 3940 Games} 5. d3 Bd7 6. c3 g6 {[%emt 0:00:49] C75: Ruy Lopez: Deferred Steinitz: 5 c3 Bd7 6 d4 without ...g6} (6... Nge7 7. Bg5 h6 8. Bh4 g5 9. Bg3 Bg7 10. h4 g4 11. Nh2 h5 12. f3 f5 13. fxg4 hxg4 14. exf5 Nxf5 15. Qxg4 {½-½ (94) Fier,A (2581)-Korobov,A (2605) Beijing 2008}) 7. Be3 Bg7 8. Nbd2 $146 ({Predecessor:} 8. Qc1 Qe7 9. O-O h6 10. Re1 Nf6 11. Bb3 Nh5 12. d4 g5 13. dxe5 dxe5 14. Bc4 {1-0 (46) Kan,I-Rauzer,V Leningrad (Russia) 1934}) 8... Nf6 9. h3 O-O 10. g4 ({White should play} 10. Bb3 $11) 10... b5 11. Bc2 Ne7 12. Nf1 c5 13. Ng3 Qc7 14. Qd2 Rfd8 15. Bh6 c4 16. Bxg7 Kxg7 17. d4 exd4 18. Nxd4 d5 19. exd5 Qe5+ 20. Qe2 Qxe2+ 21. Ngxe2 Nfxd5 22. O-O-O Rab8 23. Rd2 Kf8 24. Be4 Nc7 25. Rhd1 Ke8 26. f4 Ne6 27. Nxe6 Bxe6 28. Nd4 Bd5 29. Bc2 Ba8 30. f5 Nc6 31. fxg6 hxg6 32. h4 Nxd4 33. Rxd4 Rxd4 34. Rxd4 Rb6 35. a4 Ke7 36. a5 Rf6 37. b3 cxb3 38. Bxb3 Rf2 39. Bc2 Bc6 40. g5 Bd7 41. c4 bxc4 42. Rxc4 Bb5 43. Rc7+ Kd6 44. Ra7 Bc4 45. Ra8 Rh2 46. Rh8 Kc5 47. Bd1 Kb4 48. h5 gxh5 49. Rxh5 $17 Rg2 50. Bc2 Be6 51. g6 Kc3 52. Rc5+ Bc4 53. Rxc4+ Kxc4 54. gxf7 Rf2 55. Bg6 Kb5 56. Kd1 Kxa5 57. Ke1 Rf6 58. Kd2 Kb4 59. Kd3 a5 60. Kd4 a4 61. Ke5 Rf1 62. Bf5 Re1+ 63. Kf6 a3 64. f8=Q+ Kb3 65. Qb8+ Ka2 66. Qh2+ Ka1 67. Qd2 Rh1 68. Qd4+ Ka2 69. Be6+ Kb1 70. Qe4+ 1-0

[Event "Gibraltar Challengers A 2019"]
[Site "Caleta"]
[Date "2019.01.22"]
[Round "2"]
[White "Torres, Federico"]
[Black "Erdogan, Hassan"]
[Result "1/2-1/2"]
[ECO "A05"]
[WhiteElo "2196"]
[BlackElo "1833"]
[Annotator "NA"]
[PlyCount "91"]
[EventDate "2019.01.18"]
[EventType "swiss"]
[EventCountry "GGB"]
[SourceTitle "playchess.com"]
[Source "ChessBase"]
[SourceQuality "1"]
[TimeControl "6600+10"]

1. e4 c5 2. Nf3 g6 3. d3 Bg7 4. g3 Nc6 5. Bg2 d6 6. c3 Nf6 7. O-O O-O 8. Re1 e5 9. a3 a5 10. a4 h6 11. Na3 Nh5 12. Nc4 Be6 13. Nfd2 Kh7 14. Ne3 b6 15. Ndc4 Rb8 16. Nf5 Bxf5 17. exf5 Ne7 18. Ne3 Nf6 19. fxg6+ fxg6 20. h4 d5 21. Ng4 Nxg4 22. Qxg4 Qc8 23. Qxc8 Rbxc8 24. f4 Nf5 25. Kh2 exf4 26. Bxf4 d4 27. c4 Nxh4 28. Re6 Nxg2 29. Kxg2 g5 30. Bd6 Rf6 31. Rxf6 Bxf6 32. Re1 Rc6 33. Bb8 Kg6 34. g4 Kf7 35. Kf3 Bd8 36. b3 Rf6+ 37. Kg2 Be7 38. Bc7 Rc6 39. Rf1+ Ke6 40. Re1+ Kd7 41. Bg3 Rf6 42. Rh1 Bd6 43. Bxd6 Kxd6 44. Kg3 Ke7 45. Re1+ Kd7 46. Rh1 1/2-1/2

[Event "Gibraltar Challengers A 2019"]
[Site "Caleta"]
[Date "2019.01.22"]
[Round "2"]
[White "Pavlov, Egor"]
[Black "Skutta, Bernd"]
[Result "1-0"]
[ECO "A27"]
[WhiteElo "2187"]
[BlackElo "1988"]
[Annotator "NA"]
[PlyCount "73"]
[EventDate "2019.01.18"]
[EventType "swiss"]
[EventCountry "GGB"]
[SourceTitle "playchess.com"]
[Source "ChessBase"]
[SourceQuality "1"]
[TimeControl "6600+10"]

1. c4 e5 2. Nc3 Nc6 3. Nf3 Bc5 4. g3 {[%emt 0:00:47] A27: English Opening: Three Knights Variation} (4. e3 d6 5. d4 exd4 6. exd4 Bb4 7. Bd2 Bxc3 8. Bxc3 d5 9. cxd5 Qxd5 10. Ne5 Nge7 11. f3 Be6 12. Bd3 Nxe5 13. dxe5 {0-1 (52) Khismatullin,D (2632)-Fedorchuk,S (2648) Riadh 2017}) 4... d6 5. Bg2 Be6 6. d3 a6 7. O-O Qc8 8. Ng5 $146 ({Predecessor:} 8. b3 Bh3 9. Bb2 Nd4 10. e3 Bxg2 11. Kxg2 Nxf3 12. Qxf3 {0-1 (51) De Oliveira,A-Rojas,M Balneario Camboriu 2005}) 8... Bf5 9. Nd5 Nge7 10. e3 h5 11. b4 Bxb4 12. Nxe7 Kxe7 13. f4 f6 14. Nf3 Bh3 15. d4 Bxg2 16. Kxg2 Qf5 17. Qb3 h4 18. Nxh4 Rxh4 19. gxh4 Rh8 20. h3 Rxh4 21. Rf3 e4 22. Rg3 Be1 23. Rxg7+ Kf8 24. Rg4 Rxg4+ 25. hxg4 Qxg4+ 26. Kf1 Bg3 27. Qc2 Qf3+ 28. Kg1 Nb4 29. Qg2 $17 Qd1+ 30. Qf1 Qg4 31. Qg2 Nd3 32. Bd2 Bf2+ 33. Kf1 Qh5 34. Qxe4 Bg3 35. Qxb7 Qh2 36. Qg2 Qh4 37. Rb1 1-0

[Event "Gibraltar Challengers A 2019"]
[Site "Caleta"]
[Date "2019.01.22"]
[Round "2"]
[White "Lim, Zhuo Ren"]
[Black "Castrillon Gomez, Melissa"]
[Result "1-0"]
[ECO "E68"]
[WhiteElo "2178"]
[BlackElo "2244"]
[Annotator "NA"]
[PlyCount "135"]
[EventDate "2019.01.18"]
[EventType "swiss"]
[EventCountry "GGB"]
[SourceTitle "playchess.com"]
[Source "ChessBase"]
[SourceQuality "1"]
[TimeControl "6600+10"]

1. Nf3 Nf6 2. c4 g6 3. g3 Bg7 4. Bg2 O-O 5. O-O d6 6. d4 Nbd7 7. Nc3 e5 8. e4 a6 9. h3 b5 {[%emt 0:00:12] LiveBook: 192 Games} 10. dxe5 dxe5 11. Qe2 c6 {[%emt 0:01:26] E68: King's Indian: Fianchetto: 6...Nbd7 7 0-0 e5 8 e4} 12. a3 Qc7 (12... Qe7 13. Rd1 Bb7 14. Be3 Rfd8 15. Qc2 Ne8 16. Nd2 Nc7 17. Nb3 Ne6 18. Na5 Ndf8 19. Ne2 {1-0 (63) Bulski,K (2523)-Moranda,W (2568) Warsaw 2012}) 13. Be3 Re8 14. c5 $146 ({Predecessor:} 14. Rac1 $14 Qb7 15. Nd2 Nb6 16. c5 Nbd7 17. b4 a5 {½-½ (44) Bolbochan,J-Johannsson,I Moscow (Russia) 1956}) 14... a5 15. Qc2 Nf8 16. Rfd1 Ne6 17. Ne2 a4 18. Ne1 Nd7 19. Nd3 Bb7 20. h4 Rad8 21. Bh3 Nd4 22. Nxd4 exd4 23. Bg5 f6 24. Bf4 Qa5 25. b4 axb3 26. Qxb3+ Kh8 27. a4 Ne5 28. Bxe5 fxe5 29. Qf7 Ba6 30. axb5 Qxb5 31. Bf1 Qb7 32. Qxb7 Bxb7 {[%emt 0:00:03] [#]} 33. Rdb1 $1 Bc8 34. Ra7 Rd7 35. Ra8 Rde7 36. Rbb8 Bd7 37. Rd8 Bf6 38. Bh3 Rxd8 39. Rxd8+ Be8 40. Rc8 Kg7 41. Kf1 Kf7 42. Ke2 Rb7 43. Kd2 Ke7 44. Kc2 h6 45. Bg4 g5 46. hxg5 hxg5 47. Bf5 Bd7 48. Bxd7 Kxd7 49. Ra8 Ke6 50. Ra6 Kd7 51. Ra1 Ke6 52. Ra6 Kd7 53. Ra4 Kc7 54. Ra8 Kd7 55. Ra4 Kc7 56. Ra1 Kd7 $11 57. Rh1 Ke6 58. Rh6 Kf7 59. Rh7+ Bg7 60. Rh5 Kf6 61. Rh1 Bf8 62. Rh8 Rf7 63. Rg8 Ke6 64. Rxg5 Bg7 65. Rg6+ Kd7 66. f4 exf4 67. gxf4 Kc7 68. Kb3 1-0

[Event "Gibraltar Challengers A 2019"]
[Site "Caleta"]
[Date "2019.01.22"]
[Round "2"]
[White "Tworzydlo, Piotr"]
[Black "Tovarek, Antonin"]
[Result "1-0"]
[ECO "A25"]
[WhiteElo "2165"]
[BlackElo "1995"]
[Annotator "NA"]
[PlyCount "131"]
[EventDate "2019.01.18"]
[EventType "swiss"]
[EventCountry "GGB"]
[SourceTitle "playchess.com"]
[Source "ChessBase"]
[SourceQuality "1"]
[TimeControl "6600+10"]

1. c4 e5 2. Nc3 Nc6 3. g3 g6 4. Bg2 Bg7 5. e3 Nge7 6. Nge2 O-O 7. O-O d6 8. Nd5 Nxd5 9. cxd5 Ne7 10. d3 c6 11. dxc6 bxc6 12. Bd2 Qb6 13. Qc2 Rb8 14. Rab1 Be6 15. Nc3 f5 16. b4 Rfc8 17. Rfc1 Qd8 18. a4 a6 19. Qd1 Qe8 20. a5 Qf7 21. Na4 Nd5 22. e4 Ne7 23. Nb6 Rf8 24. Qe1 f4 25. Bc3 f3 26. Bf1 Nc8 27. Nc4 g5 28. Nd2 Qh5 29. Qe3 Rf6 30. d4 exd4 31. Qxd4 Rb7 32. e5 Rh6 33. Nxf3 Bg4 34. h4 Bxf3 35. Bd2 Bxe5 36. Qd3 gxh4 37. Bxh6 hxg3 38. fxg3 Bxg3 39. Bh3 Qxh3 40. Qxf3 Bh2+ 41. Kf2 Qxh6 42. Rg1+ Bxg1+ 43. Rxg1+ Rg7 44. Rxg7+ Qxg7 45. Qxc6 Qd4+ 46. Ke2 Qe5+ 47. Kd1 Qd4+ 48. Kc2 Qf2+ 49. Kb3 Qg3+ 50. Ka4 Qg4 51. Qxa6 d5 52. Qc6 d4 53. a6 d3 54. Ka5 d2 55. Qd5+ Kg7 56. Qxd2 Qf5+ 57. b5 Na7 58. Qd4+ Kg6 59. Qxa7 h5 60. Qg1+ Kh7 61. a7 Qf3 62. Qd4 Qb7 63. b6 Kg6 64. Kb5 Kg5 65. Qc5+ Kg4 66. Qc6 1-0

[Event "Gibraltar Challengers A 2019"]
[Site "Caleta"]
[Date "2019.01.22"]
[Round "2"]
[White "Bengherabi, Khalil"]
[Black "Meszaros, Andras"]
[Result "0-1"]
[ECO "B27"]
[WhiteElo "2150"]
[BlackElo "2226"]
[Annotator "NA"]
[PlyCount "67"]
[EventDate "2019.01.18"]
[EventType "swiss"]
[EventCountry "GGB"]
[SourceTitle "playchess.com"]
[Source "ChessBase"]
[SourceQuality "1"]
[TimeControl "6600+10"]

1. e4 c5 2. Nf3 g6 3. d4 cxd4 4. Qxd4 Nf6 5. Nc3 Nc6 6. Qa4 {[%emt 0:01:16] B27: Sicilian: 2 Nf3, unusual Black 2nd moves} Bg7 (6... d6 7. e5 dxe5 8. Nxe5 Bg7 9. Nxc6 bxc6 10. Ba6 O-O 11. Bxc8 Qxc8 12. O-O Nd5 13. Ne4 Nb6 14. Qb3 Qf5 15. Re1 Rfd8 16. c3 Rd7 17. Be3 Qxe4 18. Bxb6 Qd5 19. Be3 {½-½ (19) Jovanovic,Z (2540)-Sebenik,M (2570) Biograd 2018}) 7. e5 {[%emt 0:03:58] LiveBook: 19 Games} Ng8 8. Bf4 Nh6 9. h3 O-O 10. Bb5 $146 ({Predecessor:} 10. O-O-O a6 11. g4 b5 12. Bxb5 Qb6 13. Bxc6 dxc6 14. Qd4 c5 15. Qe3 Rb8 16. b3 Bxg4 17. Nd5 Qa5 18. Bxh6 Bxh6 19. Qxh6 Bxf3 20. Nf6+ {1-0 (20) Ceschia,I (2298)-Xia,J (2262) Venice 2012}) 10... a6 11. O-O Rb8 12. Bd3 b5 13. Qe4 Kh8 14. Rfe1 (14. Qe3 $16 Nf5 15. Bxf5 gxf5 16. Nd5) 14... Ng8 15. Qe2 Bb7 16. a4 Nb4 17. Be4 bxa4 18. e6 Bxe4 19. Nxe4 Rb6 20. exf7 Rxf7 21. Be5 Nc6 22. Bxg7+ Rxg7 23. Rxa4 Rxb2 24. Rxa6 Qc7 25. Qc4 Rb4 26. Qc3 Qf4 27. Rxc6 Rxe4 28. Rxe4 Qxe4 29. Rc8 h6 30. Ne5 (30. Qd2 $16 Kh7 31. Qxd7) 30... d6 31. Nd7 Qf5 32. Nf8 e5 $11 33. f3 Rf7 34. Rc7 0-1

[Event "Gibraltar Challengers A 2019"]
[Site "Caleta"]
[Date "2019.01.22"]
[Round "2"]
[White "Jordan Martinez, Miguel"]
[Black "Janse, Jan Jaap"]
[Result "1/2-1/2"]
[ECO "B18"]
[WhiteElo "2142"]
[BlackElo "2222"]
[Annotator "NA"]
[PlyCount "125"]
[EventDate "2019.01.18"]
[EventType "swiss"]
[EventCountry "GGB"]
[SourceTitle "playchess.com"]
[Source "ChessBase"]
[SourceQuality "1"]
[TimeControl "6600+10"]

1. e4 c6 2. d4 d5 3. Nd2 dxe4 4. Nxe4 Bf5 5. Ng3 Bg6 6. Nh3 e6 7. Nf4 Bd6 8. c3 Nf6 {[%emt 0:09:07] LiveBook: 141 Games} 9. h4 {[%emt 0:03:40] B18: Classical Caro-Kann: 4...Bf5 sidelines} Bxf4 10. Bxf4 h6 11. Be2 (11. a4 O-O 12. a5 Nd5 13. Bd2 Nd7 14. c4 N5f6 15. h5 Bh7 16. Bc3 c5 {1-0 (68) Ivanchuk,V (2726)-Artemiev,V (2691) Huaian 2017}) 11... Nd5 12. Bd2 Qc7 $146 ({Predecessor:} 12... Nd7 13. h5 Bh7 14. c4 N5f6 15. O-O Qc7 16. Qc1 O-O {½-½ (45) Salgado Lopez,I (2615)-Korneev,O (2569) Linares 2015}) 13. h5 Bh7 14. O-O Nf4 15. Bc4 Nd7 16. Qg4 g5 17. hxg6 Nxg6 18. Bxe6 fxe6 19. Qxe6+ Kd8 20. Bxh6 Qa5 21. c4 Kc7 22. b4 Qxb4 23. c5 Rae8 24. Qd6+ Kc8 25. Rab1 Qa4 26. Nf5 Nge5 27. Ng7 Nf7 28. Nxe8 Rxe8 29. Qf4 Nxh6 30. Rbe1 Rf8 31. Qxh6 Bd3 32. Re7 Bxf1 33. Rxd7 Re8 34. Qd6 Qa5 35. Rf7 Rd8 36. Qe6+ Kb8 37. Qe5+ Ka8 $14 38. Kxf1 Qxa2 39. Re7 Qb1+ 40. Ke2 Qc2+ 41. Kf1 Qd1+ 42. Qe1 Qd3+ 43. Kg1 Rxd4 44. Re8+ Rd8 45. g4 b5 46. cxb6 axb6 47. Re7 Qd4 48. Qe6 Qd1+ 49. Kg2 Qd5+ 50. Qxd5 cxd5 51. Kf3 d4 52. Ke2 d3+ 53. Kd2 Rd4 54. f3 b5 55. Re3 Kb7 56. Rxd3 Ra4 57. g5 Kc6 58. g6 Ra2+ 59. Ke3 Rg2 60. f4 Rxg6 61. f5 Rg3+ 62. Ke4 Rxd3 63. Kxd3 1/2-1/2

[Event "Gibraltar Challengers A 2019"]
[Site "Caleta"]
[Date "2019.01.22"]
[Round "2"]
[White "Ramasindraibe, Girard"]
[Black "Cano Sevilla, Ivan"]
[Result "1-0"]
[ECO "D01"]
[WhiteElo "2129"]
[BlackElo "1950"]
[Annotator "NA"]
[PlyCount "167"]
[EventDate "2019.01.18"]
[EventType "swiss"]
[EventCountry "GGB"]
[SourceTitle "playchess.com"]
[Source "ChessBase"]
[SourceQuality "1"]
[TimeControl "6600+10"]

1. d4 Nf6 2. Nc3 d5 3. Bg5 Bf5 4. Qd2 c6 5. f3 h6 6. Bh4 g5 7. Bf2 e6 8. g4 Bg6 9. h4 gxh4 10. O-O-O Nbd7 11. Bxh4 Qa5 12. e3 Bb4 13. Nge2 O-O-O 14. Kb1 h5 15. a3 Be7 16. Nf4 hxg4 17. Ncxd5 Bxc2+ 18. Ka1 Bb4 19. Nxb4 Bxd1 20. Qxd1 Rdg8 21. Bg2 gxf3 22. Qxf3 Rg4 23. Bf2 Rxh1+ 24. Bxh1 Qb5 25. Qe2 Qxe2 26. Nxe2 Ne4 27. Be1 Nd6 28. Nd3 Nf6 29. Bf3 Rg7 30. Bg3 Nfe4 31. Bf4 Nd2 32. Bxc6 N6c4 33. Bb5 Na5 34. Ndc1 Rg2 35. Bd3 Ndb3+ 36. Nxb3 Nxb3+ 37. Kb1 a5 38. a4 Nd2+ 39. Kc2 Nf3 40. Kc3 f5 41. Bc4 Kd7 42. Bb5+ Kc8 43. Bg3 Ng5 44. Bf4 Ne4+ 45. Kb3 Nd2+ 46. Ka3 b6 47. Ka2 Ne4 48. Kb3 Nd2+ 49. Kc2 Ne4 50. Kd1 Rg8 51. Ke1 Rh8 52. Ng3 Nf6 53. Be5 Rh6 54. Bc6 Rg6 55. Ke2 Nd7 56. Bf4 Nf6 57. Kf3 Rg8 58. Bd6 Ng4 59. Ne2 Nh6 60. Nf4 Nf7 61. Be5 Ng5+ 62. Ke2 Ne4 63. Kd3 Nf2+ 64. Kc4 Nd1 65. Kb5 Nxb2 66. Nxe6 Rg6 67. Bd5 Rg1 68. Kxb6 Nxa4+ 69. Kxa5 Nc3 70. Bc4 Kb7 71. Nc5+ Kc6 72. Nb3 Rg2 73. Bf7 Nd5 74. Be8+ Kb7 75. Nc5+ Ka7 76. e4 Ra2+ 77. Kb5 Nc3+ 78. Kc6 fxe4 79. Bf7 Rb2 80. d5 Rb6+ 81. Kc7 Nb5+ 82. Kd7 e3 83. Bh5 Na3 84. Be2 1-0

[Event "Gibraltar Challengers A 2019"]
[Site "Caleta"]
[Date "2019.01.22"]
[Round "2"]
[White "Alarcon Olmos, Daniel"]
[Black "Maisuradze, Nino"]
[Result "1/2-1/2"]
[ECO "D04"]
[WhiteElo "2124"]
[BlackElo "2215"]
[Annotator "NA"]
[PlyCount "176"]
[EventDate "2019.01.18"]
[EventType "swiss"]
[EventCountry "GGB"]
[SourceTitle "playchess.com"]
[Source "ChessBase"]
[SourceQuality "1"]
[TimeControl "6600+10"]

1. Nf3 d5 2. d4 Nf6 3. e3 a6 4. Bd3 {[%emt 0:01:14] D04: Colle System} (4. c4 e6 5. b3 c5 6. Bb2 cxd4 7. exd4 Nc6 8. Nbd2 g6 9. Bd3 Bg7 10. O-O O-O 11. Rc1 b6 12. Re1 Bb7 {1-0 (41) Radjabov,T (2738)-Carlsen,M (2850) Berlin 2015}) 4... Bg4 5. b3 Nbd7 6. Bb2 e6 7. Nbd2 c5 $146 ({Predecessor:} 7... Bd6 8. c4 c6 9. Qc2 Qa5 10. c5 Be7 11. O-O O-O {1-0 (41) Valero Soler,J (1794)-Castaneda Munoz,A (1695) Santa Eulalia de Roncana 2013}) 8. h3 Bh5 9. g4 Bg6 10. Ne5 Bxd3 11. cxd3 cxd4 12. Bxd4 Nxe5 13. Bxe5 h5 14. Rg1 hxg4 15. hxg4 Rc8 16. Rc1 Nd7 17. Bb2 Rh7 18. Ke2 Rxc1 19. Qxc1 f6 20. Qc2 Kf7 21. Nf3 g5 22. Rc1 Bd6 23. Rg1 Qc7 24. Qb1 Rh3 25. Rc1 Qd8 26. Rh1 Rxh1 27. Qxh1 Qg8 28. Qh3 Qg6 29. Qh8 $11 Qg8 30. Qh5+ Qg6 31. Qh8 Qg8 32. Qh1 Ke7 33. Qh5 Qf7 34. Qh8 Nf8 35. Nd4 Qh7 36. Qxh7+ Nxh7 37. Bc1 Nf8 38. Bd2 Nd7 39. f4 gxf4 40. exf4 Bc5 41. Nf3 Kf7 42. d4 Bd6 43. Kf2 Nf8 44. f5 exf5 45. gxf5 Ke7 46. Nh4 Kd7 47. Bh6 Nh7 48. Kf3 Bb4 49. Kg4 Bc3 50. Nf3 Ke7 51. Kh5 Kf7 52. Kg4 Nf8 53. Bxf8 Kxf8 54. Kf4 Ke7 55. Ke3 Kd6 56. Nh2 Ba5 57. Ng4 Bd8 58. Kd3 b5 59. Nh6 Be7 60. Ng4 a5 61. Kc3 Kc6 62. a4 bxa4 63. bxa4 Kd6 64. Kd3 Bd8 65. Ke3 Ke7 66. Kd3 Bb6 67. Nf2 Kd6 68. Nh3 Bc7 69. Nf4 Kc6 70. Nh5 Bd8 71. Kc3 Kd6 72. Nf4 Be7 73. Ne6 Kc6 74. Kd3 Bb4 75. Ke3 Kd6 76. Nf8 Ke7 77. Ng6+ Kd6 78. Nf4 Ba3 79. Kd3 Bc1 80. Ne6 Ba3 81. Nd8 Kc7 82. Ne6+ Kd6 83. Ng7 Ke7 84. Nh5 Bd6 85. Ke3 Kf7 86. Kf3 Bc7 87. Ke3 Bd6 88. Kf3 Bc7 {[%emt 0:00:02] Ke4 [%emt 00:00:18]} 1/2-1/2

[Event "Gibraltar Challengers A 2019"]
[Site "Caleta"]
[Date "2019.01.22"]
[Round "2"]
[White "Verneuil, Pascal"]
[Black "Rodriguez Perez, Angel Mariano"]
[Result "0-1"]
[ECO "B23"]
[WhiteElo "2114"]
[BlackElo "2204"]
[Annotator "NA"]
[PlyCount "64"]
[EventDate "2019.01.18"]
[EventType "swiss"]
[EventCountry "GGB"]
[SourceTitle "playchess.com"]
[Source "ChessBase"]
[SourceQuality "1"]
[TimeControl "6600+10"]

1. e4 c5 2. Nc3 g6 3. d4 cxd4 4. Qxd4 Nf6 5. Bb5 a6 {[%emt 0:00:17] B23: Closed Sicilian: Lines without g3} 6. e5 axb5 7. exf6 Nc6 8. fxe7 Qxe7+ 9. Qe3 Nd4 10. Kd1 Ne6 11. Nxb5 $146 ({Predecessor:} 11. Nge2 Bg7 12. Bd2 O-O 13. Kc1 {0-1 (28) Venkatesh,M (2499)-Koepke,C (2316) Innsbruck 2018}) 11... Bg7 12. Nf3 O-O 13. Re1 Qb4 14. Qb3 Qg4 15. Rg1 d5 16. h3 Qh5 17. Bd2 d4 18. g4 Qc5 19. a4 Rd8 20. Ne1 Qc6 21. Bb4 Nf4 22. Bd2 Be6 23. Qg3 Qxb5 24. Bxf4 Qxb2 25. Rc1 $19 Bc4 26. Nd3 Bxd3 27. Qxd3 Rxa4 28. Rg3 b5 29. Qb3 d3 30. Bd2 dxc2+ 31. Rxc2 Ra1+ 32. Ke2 Re8+ {[%emt 0:00:08] Kd1 [%emt 00:00:12]} 0-1

[Event "Gibraltar Challengers A 2019"]
[Site "Caleta"]
[Date "2019.01.22"]
[Round "2"]
[White "Crocker, Philip J"]
[Black "Boardman, Jeffrey"]
[Result "1/2-1/2"]
[ECO "A25"]
[WhiteElo "2109"]
[BlackElo "2005"]
[Annotator "NA"]
[PlyCount "166"]
[EventDate "2019.01.18"]
[EventType "swiss"]
[EventCountry "GGB"]
[SourceTitle "playchess.com"]
[Source "ChessBase"]
[SourceQuality "1"]
[TimeControl "6600+10"]

1. c4 e5 2. g3 Nf6 3. Bg2 Nc6 4. Nc3 Bb4 5. Nd5 Nxd5 6. cxd5 Nb8 {[%emt 0:00:56] A25: English Opening vs King's Indian with ...Nc6 but without early d3} (6... Ne7 7. e3 O-O 8. Ne2 c6 9. a3 Bd6 10. Nc3 Qa5 11. Ne4 Qc7 12. dxc6 dxc6 13. O-O a5 14. b3 Be6 {0-1 (27) Grischuk,A (2771)-Nepomniachtchi,I (2720) Moscow 2010}) 7. Nf3 Qe7 8. O-O O-O 9. d4 d6 $146 ({Predecessor:} 9... e4 10. Ne5 Na6 11. Qc2 f5 12. f3 exf3 13. Bxf3 Qf6 14. h4 {1-0 (27) Videnova,I (2301)-Hawkins,J (2019) Caleta 2010}) 10. a3 Ba5 11. b4 Bb6 12. dxe5 dxe5 13. Bb2 Nd7 14. e4 a5 15. Qc2 Re8 16. Bc3 axb4 17. axb4 Rxa1 18. Rxa1 c6 19. Rd1 cxd5 20. exd5 Qd6 21. Nd2 Qg6 22. Qxg6 hxg6 23. Nc4 Bd4 24. Bxd4 exd4 25. Nd6 Rd8 26. Rxd4 Ne5 27. f4 Ng4 28. Nxc8 Rxc8 29. Bf3 Rc1+ 30. Rd1 Rxd1+ 31. Bxd1 Ne3 32. Bb3 Nf5 33. Kf2 Kf8 34. g4 Nd6 35. Bc2 Ke7 36. Ke3 b6 37. Bd3 f5 38. h3 Kf6 39. Kd4 Ke7 40. gxf5 gxf5 41. Ke5 g6 42. h4 Nf7+ 43. Kd4 Nd6 44. Be2 Kf6 45. h5 gxh5 $16 46. Bxh5 Nb5+ 47. Kd3 Nd6 48. Bf3 Ke7 49. Be2 Kf6 50. Kd4 Ne4 51. Bd3 Nd6 52. Ba6 Ne4 53. Bb5 Nd6 54. Bd3 Nf7 55. d6 Nxd6 56. Kd5 Nc8 57. Kc6 Ne7+ 58. Kxb6 Nd5+ 59. Kc5 Nxf4 60. Bc4 Ne6+ 61. Kd6 Nd4 62. Kd5 Ne6 63. Bf1 f4 64. Bh3 Ng5 65. Bf1 Ne6 66. Ke4 Ke7 67. Bc4 f3 68. Kxf3 Nc7 69. Ke4 Kd6 70. Kd4 Kc6 71. Ke5 Nb5 72. Bb3 Kb6 73. Kd5 Nc3+ 74. Kc4 Nb5 75. Ba4 Nd6+ 76. Kd5 Nb5 77. Kc4 Nd6+ 78. Kb3 Nb5 79. Kc4 Nd6+ 80. Kd5 Nb5 81. Kc4 Nd6+ 82. Kb3 Nb5 83. Kc4 Nd6+ 1/2-1/2